 Dungeon Crawl Stone Soup version 0.30.1-4-g462c640d31 (webtiles) character file.

Game seed: 6019722169837875517

7301 hawla the Arsonist (level 11, -6/81 HPs)
             Began as a Meteoran Fire Elementalist on Sept 2, 2023.
             Was a Priest of Vehumet.
             Mangled by a vault guard
             ... wielding a +0 broad axe
              (21 damage)
             ... in a bailey.
             The game lasted 00:30:20 (5110 turns).

hawla the Arsonist (Meteoran Fire Elementalist)     Turns: 5110, Time: 00:30:21

Health: -6/81      AC:  7    Str:  9    XL:     11   Next: 60%
Magic:  10/26      EV: 14    Int: 25    God:    Vehumet [***...]
Gold:   262        SH:  0    Dex: 16    Spells: 11/30 levels left

rFire   . . .        x - +2 whip (elec)
rCold   . . .        (no shield)
rNeg    . . .        a - +1 robe
rPois   .            c - +0 helmet
rElec   .            (no cloak)
rCorr   .            b - +0 pair of gloves
SInv    .            q - +1 pair of boots
Will    +....        p - amulet of magic regeneration
Stlth   +            (no ring)
HPRegen 0.33/turn    (no ring)
MPRegen 0.60/turn

%: no passive effects
@: glowing
A: sense surroundings 2, otherworldly, glowing, explore regen, thin skeletal
structure 1, clever 1
a: Renounce Religion


You were in a bailey.
You worshipped Vehumet.
Vehumet was most pleased with you.
You visited 2 branches of the dungeon, and saw 10 of its levels.
You also visited: Sewer, Ossuary and Bailey.

You collected 262 gold pieces.

Inventory:

Hand Weapons
 u - a +2 scimitar of flaming
 x - a +2 whip of electrocution (weapon)
Armour
 a - a +1 robe (worn)
 b - a +0 pair of gloves (worn)
 c - a +0 helmet (worn)
 q - a +1 pair of boots (worn)
Jewellery
 p - an amulet of magic regeneration (around neck)
Wands
 w - a wand of flame (17) (quivered)
 y - a wand of mindburst (16)
Scrolls
 e - 7 scrolls of teleportation
 h - 3 scrolls of fear {unknown}
 o - 2 scrolls of identify
Potions
 d - 5 potions of brilliance
 f - 4 potions of degeneration
 g - 5 potions of haste
 i - 3 potions of curing
 j - 4 potions of flight
 m - a potion of attraction
 n - 3 potions of ambrosia
 r - a potion of might
 s - 2 potions of berserk rage
 v - 2 potions of resistance


   Skills:
 - Level 2.9 Fighting
 + Level 4.4 Maces & Flails
 - Level 4.5 Dodging
 - Level 1.4 Stealth
 - Level 10.1 Spellcasting
 - Level 6.5 Conjurations
 + Level 13.4 Fire Magic
 - Level 7.1 Poison Magic


You had 11 spell levels left.
You knew the following spells:

 Your Spells              Type           Power      Damage    Failure   Level
a - Foxfire               Conj/Fire      100%       2x1d9     1%          1
b - Scorch                Fire           100%       2d9       1%          2
c - Flame Wave            Conj/Fire      58%        2d14      1%          4
d - Olgreb's Toxic Radia  Pois           48%        N/A       1%          4
e - Ignition              Fire           34%        3d10      32%         8

Your spell library contained the following spells:

 Spells                   Type           Power      Damage    Failure   Level
 Dazzling Flash           Conj/Hex       56%        N/A       1%          3
 Sting                    Tmut/Pois      100%       1d8       1%          1
 Poisonous Vapours        Pois/Air       60%        N/A       1%          2
 Ignite Poison            Fire/Tmut/Pois 47%        N/A       1%          3
 Inner Flame              Hex/Fire       46%        N/A       1%          3
 Volatile Blastmotes      Fire/Tloc      92%        2d17      1%          3
 Sticky Flame             Conj/Fire      58%        2d7       1%          4


Dungeon Overview and Level Annotations

Branches:
Dungeon (9/15) Zot: 1274   Temple (1/1) D:5 Zot: 307     Orc (0/2) D:9
  Sewer (visited)         Ossuary (visited)          Bailey (1/1) Zot: 481
   Lair: D:8-11

Altars:
Ashenzari
Dithmenos
Elyvilon
Fedhas
Gozag
Hepliaklqana
Makhleb
Nemelex Xobeh
Ru
Sif Muna
Trog
Uskayaw
Vehumet
Wu Jian
Xom
Yredelemnul
The Shining One

Shops:
D:2 *   D:4 (   D:5 !


Innate Abilities, Weirdness & Mutations

You passively map the area around you.
You are easily found by Zot.
You glow in the dark.
You regain HP and MP as you explore.
You have a somewhat thin skeletal structure. (Dex +2, Stealth+)
Your mind is acute. (Int +4, Str/Dex -1)


Message History

The vault guard is burned terribly!
The vault guard is heavily wounded.
The vault guard hits you with a +0 broad axe!
A wave of flame ripples out!
The flame wave engulfs the vault guard.
The vault guard is burned terribly!
The vault guard is severely wounded.
You finish channelling waves of flame.
The vault guard is no longer more vulnerable to fire.
The vault guard barely misses you.
Casting: Flame Wave (safe; 1% risk of failure)
Confirm with . or Enter, or press ? or * to list all spells.
Flames lash the vault guard.
The vault guard is severely wounded.
The vault guard's fire resistance burns away.
The vault guard hits you with a +0 broad axe!
* * * LOW HITPOINT WARNING * * *
Casting: Scorch (safe; 1% risk of failure)
Confirm with . or Enter, or press ? or * to list all spells.
Flames lash the vault guard.
The vault guard is burned terribly!
The vault guard is almost dead.
The vault guard hits you with a +0 broad axe.
* * * LOW HITPOINT WARNING * * *
Unknown command.
Casting: Scorch (safe; 1% risk of failure)
Confirm with . or Enter, or press ? or * to list all spells.
Flames lash the vault guard but do no damage.
The vault guard hits you with a +0 broad axe.
* * * LOW HITPOINT WARNING * * *
Unknown command.
Casting: Scorch (safe; 1% risk of failure)
Confirm with . or Enter, or press ? or * to list all spells.
Flames lash the vault guard but do no damage.
The vault guard barely misses you.
Unknown command.
Casting: Scorch (safe; 1% risk of failure)
Confirm with . or Enter, or press ? or * to list all spells.
Flames lash the vault guard.
The vault guard is almost dead.
The vault guard hits you with a +0 broad axe!!
You die...

###### ###@p.~# ##~.≈#..~~#
##§~.≈# ...~# #~~~.≈## ...#
#######~..~≈###!.#########
##.....##.~~~≈≈####≈≈#....##
#.!.....#...~~~≈≈≈≈~~#.....#
#....∩..)..)...~~~~.††..#...
#.......#......).....#..#...


You could see a vault guard (very poisoned, combustible).

Vanquished Creatures
  A vault guard (Bailey)
  Erica (D:8)
  A two-headed ogre (D:8)
  Grinder (D:4)
  A polar bear (D:8)
  Prince Ribbit (Bailey)
  Sigmund (D:2)
  2 humans (Bailey)
  2 acid dragons (D:9)
  A water moccasin (D:6)
  Duvessa (D:4)
  2 sky beasts
  2 black bears
  2 ice beasts
  2 wolves (D:8)
  6 centaurs
  4 kobold brigands
  6 bullfrogs
  A water moccasin zombie (Ossuary)
  3 scorpions
  Dowan (D:4)
  5 killer bees (D:8)
  2 electric eels (D:8)
  9 howler monkeys
  A wyvern simulacrum (D:8)
  An orc priest (D:7)
  5 hounds
  An iron imp (D:9)
  3 gnoll boudas
  4 sleepcaps
  Jessica (D:2)
  5 orc wizards
  Natasha (twice) (D:2)
  A sickly merfolk siren (Sewer)
  A malarious merfolk avatar (Sewer)
  2 mummies (Ossuary)
  A killer bee simulacrum (D:8)
  17 gnolls
  9 adders
  A river rat (Sewer)
  A shadow imp (D:7)
  2 white imps
  An ufetubus (D:8)
  4 adder zombies (Ossuary)
  2 worms
  A dart slug (D:4)
  20 orcs
  3 endoplasms (D:1)
  7 giant cockroaches
  4 gnoll zombies (Ossuary)
  10 goblins
  8 hobgoblins
  16 kobolds
  7 quokkas
  3 training dummies (D:4)
  6 ball pythons
  3 bats (D:2)
  7 frilled lizards
  7 kobold zombies (Ossuary)
  9 orc zombies (Ossuary)
  22 rats
256 creatures vanquished.

Vanquished Creatures (collateral kills)
  A steam dragon (D:9)
  A sleepcap (D:5)
  An orc wizard (D:9)
  2 orcs (D:9)
  A foxfire (D:4)
6 creatures vanquished.

Vanquished Creatures (others)
  302 foxfires
302 creatures vanquished.

Grand Total: 564 creatures vanquished

Notes
Turn   | Place    | Note
-------+----------+-------------------------------------------
     0 | D:1      | hawla the Meteoran Fire Elementalist began the quest for
                  | the Orb.
     0 | D:1      | Reached XP level 1. HP: 14/14 MP: 5/5
    23 | D:1      | Reached skill level 4 in Fire Magic
    23 | D:1      | Reached XP level 2. HP: 15/20 MP: 0/6
    26 | D:1      | Learned a level 2 spell: Scorch
   270 | D:2      | Noticed Jessica
   276 | D:2      | Killed Jessica
   277 | D:2      | Reached XP level 3. HP: 26/26 MP: 1/8
   303 | D:2      | Found a shimmering blue altar of Sif Muna.
   334 | D:2      | Reached XP level 4. HP: 27/33 MP: 5/10
   343 | D:2      | Learned a level 4 spell: Flame Wave
   371 | D:2      | Found Sar Fumi's General Store.
   461 | D:2      | Reached XP level 5. HP: 38/38 MP: 8/11
   479 | D:2      | Noticed Natasha
   498 | D:2      | Killed Natasha
   695 | D:2      | Noticed Sigmund
   705 | D:2      | Killed Sigmund
   706 | D:2      | Reached skill level 5 in Conjurations
   706 | D:2      | Reached skill level 5 in Fire Magic
   706 | D:2      | Reached XP level 6. HP: 45/45 MP: 3/13
   706 | D:2      | Reached XP level 7. HP: 50/50 MP: 3/14
  1039 | D:2      | Noticed Natasha
  1045 | D:2      | Killed Natasha
  1100 | D:2      | Glimpsed the power of Zot.
  1146 | D:3      | Learned a level 4 spell: Olgreb's Toxic Radiance
  1194 | D:3      | Reached skill level 1 in Poison Magic
  1221 | D:4      | Found Giwawoj's Firing Range.
  1240 | D:4      | Found a sand-covered staircase.
  1248 | Ossuary  | Entered an ossuary
  1415 | Ossuary  | Reached skill level 1 in Fighting
  1542 | D:4      | Noticed Duvessa
  1545 | D:4      | Noticed Dowan
  1549 | D:4      | Killed Duvessa
  1550 | D:4      | Reached skill level 6 in Fire Magic
  1556 | D:4      | Killed Dowan
  1557 | D:4      | Reached skill level 5 in Spellcasting
  1557 | D:4      | Reached XP level 8. HP: 53/61 MP: 2/16
  1599 | D:4      | Found a shimmering altar of Xom.
  1745 | D:4      | Noticed Grinder
  1752 | D:4      | Killed Grinder
  2033 | D:5      | Entered Level 5 of the Dungeon
  2069 | D:5      | Reached skill level 5 in Poison Magic
  2149 | D:5      | Found a shimmering blue altar of Sif Muna.
  2174 | D:5      | Gained mutation: You passively map the area around you.
                  | [Meteoran growth]
  2174 | D:5      | Reached XP level 9. HP: 67/67 MP: 12/18
  2399 | D:5      | Found Behieng's Distillery.
  2586 | D:5      | Found a glowing drain.
  2603 | Sewer    | Entered a sewer
  2689 | Sewer    | Reached skill level 7 in Fire Magic
  3206 | D:5      | Found a staircase to the Ecumenical Temple.
  3215 | Temple   | Entered the Ecumenical Temple
  3485 | Temple   | Became a worshipper of Vehumet
  3565 | D:6      | Reached skill level 1 in Maces & Flails
  3590 | D:6      | Found a sacrificial altar of Ru.
  3932 | D:7      | Reached * piety under Vehumet
  3932 | D:7      | Offered knowledge of Kiss of Death by Vehumet.
  3933 | D:7      | Reached skill level 8 in Fire Magic
  3996 | D:7      | Reached XP level 10. HP: 36/74 MP: 6/22
  4289 | D:8      | Noticed a two-headed ogre
  4297 | D:8      | Killed a two-headed ogre
  4297 | D:8      | Reached ** piety under Vehumet
  4297 | D:8      | Offered knowledge of Searing Ray by Vehumet.
  4313 | D:8      | Noticed Erica
  4319 | D:8      | Killed Erica
  4320 | D:8      | Reached skill level 10 in Spellcasting
  4320 | D:8      | Reached skill level 9 in Fire Magic
  4336 | D:8      | Learned a level 8 spell: Ignition
  4459 | D:8      | Reached skill level 10 in Fire Magic
  4566 | D:8      | Reached XP level 11. HP: 81/81 MP: 18/26
  4664 | D:8      | Offered knowledge of Hailstorm by Vehumet.
  4821 | D:9      | Reached skill level 11 in Fire Magic
  4866 | D:9      | Found a staircase to the Orcish Mines.
  4891 | D:9      | Reached *** piety under Vehumet
  4982 | D:9      | Found a flagged portal.
  4992 | Bailey   | Entered a bailey
  5007 | Bailey   | Reached skill level 12 in Fire Magic
  5016 | Bailey   | Gained mutation: Your mind is acute. (Int +4, Str/Dex -1)
                  | [potion of mutation]
  5016 | Bailey   | Gained mutation: You have a somewhat thin skeletal
                  | structure. (Dex +2, Stealth+) [potion of mutation]
  5033 | Bailey   | Offered knowledge of Dazzling Flash by Vehumet.
  5059 | Bailey   | Noticed a vault guard
  5059 | Bailey   | Noticed Prince Ribbit
  5065 | Bailey   | Killed Prince Ribbit
  5068 | Bailey   | Killed a vault guard
  5069 | Bailey   | Reached skill level 13 in Fire Magic
  5100 | Bailey   | Noticed a vault guard
  5110 | Bailey   | Mangled by a vault guard

Illustrated notes

Levels and vault maps discovered:
D:1:      pf_arrival_petrified_forest, layout_loops_ring, serial_shops, shop,
          serial_forest, infiniplex_forest_straight_1,
          infiniplex_forest_lined_1, infiniplex_forest_clump_large,
          infiniplex_forest_join, infiniplex_forest_straight_4,
          infiniplex_forest_end_3, infiniplex_forest_lined_2,
          infiniplex_forest_lined_3
D:2:      layout_basic, serial_shops, shop, basic_altar, uniq_sigmund,
          uniq_natasha, uniq_jessica
D:3:      layout_loops_cross, kiku_gazebo_garden_becter,
          dreamdust_mushroom_princess, chequers_serial_rivers_small_b,
          nrook_loot_triangle
D:4:      layout_loops_cross, mainiacjoe_overflow_alcove_4,
          lightli_ossuary_entry_decrepit_ruins, nicolae_shop_firing_range,
          uniq_grinder, uniq_duvessa
D:5:      layout_basic, tgw_sif, temple_hall, portal_sewer_entry_f,
          serial_shops, nicolae_stop_n_shop_2
D:6:      layout_loops_ring, lemuel_tele_altar, serial_shops, shop
D:7:      layout_basic, hangedman_glass_teeth
D:8:      layout_rooms, serial_ice, serial_ice_n, serial_ice_m, serial_ice_i,
          serial_ice_b, serial_ice_f, uniq_erica
D:9:      layout_rooms, slow_altar_1, enter_bailey_7
Temple:   minmay_temple_curvy_branch
Bailey:   bailey_axe_froggy_fort_hellmonk, bailey

Skill      XL: |  1  2  3  4  5  6  7  8  9 10 11 |
---------------+----------------------------------+-----
Fire Magic     | 4 5 6 8 10 13 | 13.4
Spellcasting   | 3 4 5 7 10 | 10.1
Conjurations   | 2 5 6 |  6.5
Dodging        | 3 4 |  4.5
Poison Magic   | 1 6 7 |  7.1
Fighting       | 1 2 |  2.9
Maces & Flails | 2 3 4 |  4.4
Stealth        | |  1.4

Action                     |  1- 3 |  4- 6 |  7- 9 | 10-12 || total
---------------------------+-------+-------+-------+-------++-------
  Melee: Unarmed           |     4 |     6 |    44 |       ||    54
         Punch             |       |       |     5 |     2 ||     7
         Mace              |       |       |    82 |       ||    82
         Flail             |       |       |       |     8 ||     8
         Whip              |       |       |       |    26 ||    26
   Cast: Foxfire           |    15 |    27 |    83 |    54 ||   179
         Scorch            |     6 |    12 |    73 |    58 ||   149
         Flame Wave        |       |       |    14 |    11 ||    25
         Olgreb's Toxic Ra |       |       |     8 |    17 ||    25
    Use: Scroll            |     1 |       |    14 |     6 ||    21
         Potion            |       |     2 |     5 |     3 ||    10
 Armour: Robe              |     3 |     7 |    47 |    25 ||    82
         Skin              |       |       |     3 |       ||     3
  Dodge: Dodged            |     2 |     8 |   103 |    62 ||   175
